 Dungeon Crawl Stone Soup version 0.32-a0-411-g744942f433 (webtiles) character file.

Game seed: 7881018931023977324

51 shadowstone the Ruffian (level 3, -3/23 HPs)
             Began as an Octopode Shapeshifter on Feb 20, 2024.
             Was an Initiate of Gozag.
             Slain by an orc wizard
             ... wielding a +0 trident
              (8 damage)
             ... on level 2 of the Dungeon.
             The game lasted 00:02:27 (549 turns).

shadowstone the Ruffian (Octopode Shapeshifter)      Turns: 549, Time: 00:02:28

Health: -3/23      AC:  1    Str: 15    XL:     3   Next: 81%
Magic:  3/3        EV: 13    Int: 12    God:    Gozag
Gold:   116        SH:  0    Dex: 11    Spells: 2/2 levels left

rFire   x .          .
                       - Unarmed
rCold   + . .        (no shield)
rNeg    . . .        (helmet currently unavailable)
rPois   .            (no amulet)
rElec   .            f - ring of ice
rCorr   .            (no ring)
SInv    .            (no ring)
Will    .....        (no ring)
Stlth   +++          (no ring)
HPRegen 0.23/turn    (no ring)
MPRegen 0.08/turn    (no ring)
                     (no ring)

%: no passive effects
@: beast-form
A: beast (slay +1), almost no armour, amphibious, 8 rings, camouflage 1,
gelatinous body 1, (nimble swimmer 1), tentacles
a: Begin Untransformation, Renounce Religion, Potion Petition, Call Merchant,
Bribe Branch


You were on level 2 of the Dungeon.
You worshipped Gozag.
Gozag was aware of your devotion.
You were a hulking beast.
You visited 1 branch of the dungeon, and saw 2 of its levels.

You collected 116 gold pieces.

Inventory:

Jewellery
 f - a ring of ice (left tentacle)
Talismans
 b - a beast talisman (active)
 c - a flux talisman
Scrolls
 d - a scroll of torment {unknown}
 e - a scroll of teleportation {unknown}
Potions
 a - a potion of lignification
 g - a potion of berserk rage {unknown}


   Skills:
 + Level 1.0 Fighting
 + Level 2.5 Dodging
 + Level 1.2 Stealth
 + Level 3.7 Unarmed Combat
 + Level 3.3 Shapeshifting


You had 2 spell levels left.
You didn't know any spells.
Your spell library was empty.

Dungeon Overview and Level Annotations

Branches:
Dungeon (2/15)

Altars:
Gozag


Innate Abilities, Weirdness & Mutations

You are a hulking beast.
Your limbs bulge with bestial killing power. (Slay +1)
You cannot wear most types of armour.
You are amphibious.
You can wear up to eight rings at the same time.
Your skin changes colour to match your surroundings (Stealth+).
Your rubbery body absorbs attacks. (AC +1, EV +1)
((You are camouflaged when in or above water. (Stealth+)))
You have tentacles for arms and can constrict up to eight enemies at once.


Message History

The orc's wounds heal themselves!
You tentacle-slap the orc.
The orc is moderately wounded.
You constrict the orc. The orc barely misses you.
You tentacle-slap the orc.
The orc is severely wounded.
You constrict the orc. The orc hits you with a +0 dagger.
You bludgeon the orc!
You kill the orc!
You barely miss the orc priest. Your grab misses the orc priest.
The orc priest hits you with a +0 club.
The orc is distracted by your dazzling golden aura.
The orc shouts!
You tentacle-slap the orc priest but do no damage.
Your grab misses the orc priest. You barely miss the orc priest.
Your grab misses the orc priest. Your squeeze misses the orc priest.
The orc priest closely misses you.
You closely miss the orc priest. Your grab misses the orc priest.
The orc priest closely misses you.
You tentacle-slap the orc priest. You grab the orc priest.
The orc priest is lightly wounded.
You constrict the orc priest. The orc priest hits you with a +0 club.
You tentacle-slap the orc priest but do no damage.
The orc priest is moderately wounded.
You constrict the orc priest, but do no damage.
The orc is no longer distracted by gold.
The orc priest hits you with a +0 club.
* * * LOW HITPOINT WARNING * * *
Unknown command.
You barely miss the orc priest.
Your tentacle-slap misses the orc priest.
The orc priest is moderately wounded.
You constrict the orc priest.
The orc priest begins to cast a cantrip, but forgets the words!
You barely miss the orc priest. You squeeze the orc priest.
The orc priest is severely wounded.
You constrict the orc priest.
The orc wizard hits you from afar with a +0 trident!
You die...
Your body crumbles into a pile of gold.

....#...####..<....#.....#
.....##...(...............#
..##............##....#
....#...##............##
.#......#######..##.....
......#...#####...#####.
#...oo......(......##<
.....##o##..............
.o# #h#######.#..#.... #.##
#.##.####. #$.# #.##.# #.
##.# #.##.# #. .# #.##.# #.
.# #.##.# #. .. #.# .# #.
#.# .. #.#


You could see an orc priest, an orc wizard and an orc.

Vanquished Creatures
  2 adders (D:2)
  An orc (D:2)
  A ball python (D:2)
  2 endoplasms (D:2)
  2 hobgoblins (D:2)
  3 jackals (D:2)
  2 quokkas (D:2)
  A bat (D:2)
  A frilled lizard (D:2)
  2 kobolds
  A rat (D:1)
18 creatures vanquished.

Notes
Turn   | Place    | Note
-------+----------+-------------------------------------------
     0 | D:1      | shadowstone the Octopode Shapeshifter began the quest for
                  | the Orb.
     0 | D:1      | Reached XP level 1. HP: 13/13 MP: 1/1
   242 | D:1      | Found a faded altar of an unknown god.
   246 | D:1      | Prayed at the altar of an unknown god.
   246 | D:1      | Became a worshipper of Gozag Ym Sagoz the Greedy
   249 | D:1      | You fall into a shaft and drop 1 floor!
   321 | D:2      | Reached skill level 1 in Stealth
   321 | D:2      | Reached XP level 2. HP: 18/18 MP: 2/2
   393 | D:2      | Reached XP level 3. HP: 23/23 MP: 3/3
   549 | D:2      | Slain by an orc wizard

Illustrated notes

Levels and vault maps discovered:
D:1:      matt_arrival_spirals, layout_basic, serial_shops, shop,
          shapermc_ecumenical_altar_venn
D:2:      layout_rooms, minmay_pentomino_z2

Skill      XL: |  1 |
---------------+----+-----
Stealth        | 1 |  1.2
Fighting       | |  1.0
Dodging        | |  2.5
Unarmed Combat | |  3.7
Shapeshifting  | |  3.3

Action                     || total
---------------------------++-------
  Melee: Unarmed           ||    47
         Constrict         ||    13
         Tentacles         ||     9
   Stab: Sleeping          ||     3
 Armour: Skin              ||    22
  Dodge: Dodged            ||    24

Table legend: (Time is in decaauts)
 A = Elapsed time spent in this place.
 B = Non-inter-level travel time spent in this place.
 C = Inter-level travel time spent in this place.
 D = Time resting spent in this place.
 E = Time spent auto-exploring this place.
 F = Levels seen in this place.
 G = Mean time per level.
                   A        B        C        D        E       F      G
               +--------+--------+--------+--------+--------+-----+--------+
         Total |    545 |    540 |      5 |    146 |     77 |   2 |  272.5 |
       Dungeon |    545 |    540 |      5 |    146 |     77 |   2 |  272.5 |
               +--------+--------+--------+--------+--------+-----+--------+

Top non-repeatable levels by time:
     D:2: 296 daAuts
     D:1: 248 daAuts
